SL
KINGSTON TOWNSHIP KNIGHTS @ FT. WORTH CATTLEMEN
09/13/2042
 
TOP OF THE 1ST
Kingston Township Knights batting - Pitching for Ft. Worth Cattlemen : LHP Gustavo Tobías
Pitching: LHP Gustavo Tobías
Batting: RHB Glenn Curtis 0-0: Ball
1-0: Ground out 5-3 (Groundball, 56, EV 86.9 MPH)
Batting: RHB Tom Rowland 0-0: Ball
1-0: Swinging Strike
1-1: Foul Ball, location: 2F
1-2: Strikes out swinging
Batting: SHB Eustacio Tafalla 0-0: Ball
1-0: Called Strike
1-1: Ball
2-1: Called Strike
2-2: Foul Ball, location: 2F
2-2: Ball
3-2: DOUBLE (Line Drive, 3D, EV 106.9 MPH)
Batting: RHB Amor Campos 0-0: Called Strike
0-1: Fly out, F8 (Line Drive, 8LD, EV 86.2 MPH)
Top of the 1st over - 0 runs, 1 hit, 0 errors, 1 left on base; Kingston Township 0 - Ft. Worth 0
BOTTOM OF THE 1ST
Ft. Worth Cattlemen batting - Pitching for Kingston Township Knights : RHP Currito Fonseca
Pitching: RHP Currito Fonseca
Batting: LHB Shawn Kyllo 0-0: Foul Ball, location: 2F
0-1: Ball
1-1: Ball
2-1: Called Strike
2-2: Fly out, F8 (Flyball, 8LS, EV 78.8 MPH)
Batting: RHB Jurgen Flurgenburgen 0-0: Foul Ball, location: 2F
0-1: Called Strike
0-2: Strikes out swinging
Batting: LHB Semo Hoaloha 0-0: Swinging Strike
0-1: Ball
1-1: Foul Ball, location: 2F
1-2: Strikes out swinging
Bottom of the 1st over - 0 runs, 0 hits, 0 errors, 0 left on base; Kingston Township 0 - Ft. Worth 0
TOP OF THE 2ND
Kingston Township Knights batting - Pitching for Ft. Worth Cattlemen : LHP Gustavo Tobías
Batting: RHB Takenao Wakabayashi 0-0: Foul Ball, location: 2F
0-1: Ball
1-1: Ball
2-1: Foul Ball, location: 2F
2-2: Strikes out looking
Batting: RHB Seong-ho Chong 0-0: Foul Ball, location: 2F
0-1: Ball
1-1: Ball
2-1: Ball
3-1: Foul Ball, location: 2F
3-2: Fly out, F9 (Line Drive, 9D, EV 93.1 MPH)
Batting: LHB Ánibal Lima 0-0: Ball
1-0: Called Strike
1-1: Called Strike
1-2: Ball
2-2: Foul Ball, location: 2F
2-2: Ball
3-2: Foul Ball, location: 2F
3-2: Foul Ball, location: 2F
3-2: Ground out 4-3 (Groundball, 4, EV 101.9 MPH)
Top of the 2nd over - 0 runs, 0 hits, 0 errors, 0 left on base; Kingston Township 0 - Ft. Worth 0
BOTTOM OF THE 2ND
Ft. Worth Cattlemen batting - Pitching for Kingston Township Knights : RHP Currito Fonseca
Batting: SHB Kolby Hay 0-0: Ball
1-0: Swinging Strike
1-1: Ball
2-1: Ball
3-1: Called Strike
3-2: Base on Balls
Batting: RHB Tae-cho Han 0-0: Ball
1-0: Called Strike
Kolby Hay steals 2nd base (no throw)
1-1: Ball
2-1: Called Strike
2-2: Ball
3-2: Foul Ball, location: 2F
3-2: Fly out, F1 (Line Drive, P, EV 71.2 MPH)
Batting: SHB Bren Spillane 0-0: Ground out 4-3 (Groundball, 4, EV 81.9 MPH)
Kolby Hay to third
Batting: LHB Jorge Alejándrez 0-0: Ball
1-0: Foul Ball, location: 2F
1-1: Swinging Strike
1-2: Ball
2-2: DOUBLE (Flyball, 89XD, EV 109.4 MPH)
Kolby Hay scores
Batting: RHB Peter Holland 0-0: Ball
1-0: Ground out 1-3 (Groundball, 34S, EV 69.4 MPH)
Bottom of the 2nd over - 1 run, 1 hit, 0 errors, 1 left on base; Kingston Township 0 - Ft. Worth 1
TOP OF THE 3RD
Kingston Township Knights batting - Pitching for Ft. Worth Cattlemen : LHP Gustavo Tobías
Batting: RHB Imbart Baars 0-0: Ball
1-0: Foul Ball, location: 2F
1-1: Fly out, F7 (Flyball, 7LDF, EV 101.2 MPH)
Batting: RHB Dylan Oram 0-0: Fly out, F8 (Flyball, 8RM, EV 90.0 MPH)
Batting: RHB Glenn Curtis 0-0: Called Strike
0-1: Ball
1-1: Ball
2-1: Ball
3-1: Foul Ball, location: 2F
3-2: Strikes out swinging
Top of the 3rd over - 0 runs, 0 hits, 0 errors, 0 left on base; Kingston Township 0 - Ft. Worth 1
BOTTOM OF THE 3RD
Ft. Worth Cattlemen batting - Pitching for Kingston Township Knights : RHP Currito Fonseca
Batting: RHB Min-gook Ch'oe 0-0: Ball
1-0: Ball
2-0: SINGLE (Groundball, 4MD, EV 98.1 MPH)
Batting: LHB Shawn Kyllo 0-0: Foul Ball, location: 2F
0-1: Foul Ball, location: 2F
0-2: Ball
1-2: Fly out, F8 (Flyball, 8LM, EV 98.1 MPH)
Batting: RHB Jurgen Flurgenburgen 0-0: Foul Ball, location: 2F
0-1: Ball
1-1: TRIPLE (Groundball, 3L, EV 98.8 MPH)
Min-gook Ch'oe scores
Batting: LHB Semo Hoaloha 0-0: Called Strike
0-1: Called Strike
0-2: Ball
1-2: Foul Ball, location: 2F
1-2: Fly out, F9 (Flyball, 9D, EV 93.8 MPH)
Runner from 3rd tags up, SCORES, throw by RF
Batting: SHB Kolby Hay 0-0: Foul Ball, location: 2F
0-1: Ball
1-1: Ball
2-1: Swinging Strike
2-2: Foul Ball, location: 2F
2-2: Ball
3-2: Foul Ball, location: 2F
3-2: Strikes out swinging
Bottom of the 3rd over - 2 runs, 2 hits, 0 errors, 0 left on base; Kingston Township 0 - Ft. Worth 3
TOP OF THE 4TH
Kingston Township Knights batting - Pitching for Ft. Worth Cattlemen : LHP Gustavo Tobías
Batting: RHB Tom Rowland 0-0: Foul Ball, location: 2F
0-1: Ground out 1-3 (Groundball, 15, EV 90.6 MPH)
Batting: SHB Eustacio Tafalla 0-0: SINGLE (Line Drive, 8LS, EV 105.0 MPH)
Batting: RHB Amor Campos 0-0: Ball
1-0: SINGLE (Line Drive, 8LS, EV 94.4 MPH)
Eustacio Tafalla to second
Runner from 2nd tries for 3rd, SAFE, throw by CF made to third
Batting: RHB Takenao Wakabayashi 0-0: Called Strike
0-1: Fly out, F9 (Flyball, 9LSF, EV 82.5 MPH)
Batting: RHB Seong-ho Chong 0-0: Ball
1-0: Foul Ball, location: 2F
1-1: Fielders Choice at 2nd, 6-4 (Groundball, 6, EV 105.0 MPH)
Top of the 4th over - 0 runs, 2 hits, 0 errors, 2 left on base; Kingston Township 0 - Ft. Worth 3
BOTTOM OF THE 4TH
Ft. Worth Cattlemen batting - Pitching for Kingston Township Knights : RHP Currito Fonseca
Batting: RHB Tae-cho Han 0-0: Ball
1-0: Ball
2-0: Called Strike
2-1: Ball
3-1: SINGLE (Line Drive, 5D, EV 105.0 MPH)
Batting: SHB Bren Spillane 0-0: Ball
1-0: Foul Ball, location: 2F
1-1: Called Strike
1-2: Ball
2-2: Ball
3-2: Strikes out looking
Batting: LHB Jorge Alejándrez 0-0: Ball
1-0: Grounds into double play, 4-6-3 (Groundball, 4, EV 94.4 MPH)
Bottom of the 4th over - 0 runs, 1 hit, 0 errors, 0 left on base; Kingston Township 0 - Ft. Worth 3
TOP OF THE 5TH
Kingston Township Knights batting - Pitching for Ft. Worth Cattlemen : LHP Gustavo Tobías
Batting: LHB Ánibal Lima 0-0: Called Strike
0-1: Ball
1-1: Ball
2-1: Ground out 4-3 (Groundball, 4, EV 110.0 MPH)
Batting: RHB Imbart Baars 0-0: Ball
1-0: Swinging Strike
1-1: Foul Ball, location: 2F
1-2: Foul Ball, location: 2F
1-2: Ball
2-2: Ball
3-2: Strikes out swinging
Batting: RHB Dylan Oram 0-0: DOUBLE (Groundball, 5L, EV 106.2 MPH)
Batting: RHB Glenn Curtis 0-0: Called Strike
0-1: Called Strike
0-2: Strikes out looking
Top of the 5th over - 0 runs, 1 hit, 0 errors, 1 left on base; Kingston Township 0 - Ft. Worth 3
BOTTOM OF THE 5TH
Ft. Worth Cattlemen batting - Pitching for Kingston Township Knights : RHP Currito Fonseca
Batting: RHB Peter Holland 0-0: Ball
1-0: Fly out, F9 (Flyball, 9D, EV 97.5 MPH)
Batting: RHB Min-gook Ch'oe 0-0: Called Strike
0-1: Foul Ball, location: 2F
0-2: Ball
1-2: Ground out 5-3 (Groundball, 5L, EV 106.9 MPH)
Batting: LHB Shawn Kyllo 0-0: SINGLE (Flyball, 89S, EV 92.5 MPH)
Batting: RHB Jurgen Flurgenburgen 0-0: Ball
1-0: Ball
2-0: Fielders Choice at 2nd, 6-4 (Groundball, 6, EV 99.4 MPH)
Bottom of the 5th over - 0 runs, 1 hit, 0 errors, 1 left on base; Kingston Township 0 - Ft. Worth 3
TOP OF THE 6TH
Kingston Township Knights batting - Pitching for Ft. Worth Cattlemen : LHP Gustavo Tobías
Batting: RHB Tom Rowland 0-0: Ball
1-0: SOLO HOME RUN (Flyball, 78XD, EV 112.5 MPH), Distance : 429 ft
Batting: SHB Eustacio Tafalla 0-0: Called Strike
0-1: Ground out 6-3 (Groundball, 6S, EV 87.5 MPH)
Batting: RHB Amor Campos 0-0: Swinging Strike
0-1: Called Strike
0-2: Ball
1-2: Strikes out looking
Batting: RHB Takenao Wakabayashi 0-0: Fly out, F7 (Flyball, 7, EV 89.4 MPH)
Top of the 6th over - 1 run, 1 hit, 0 errors, 0 left on base; Kingston Township 1 - Ft. Worth 3
BOTTOM OF THE 6TH
Ft. Worth Cattlemen batting - Pitching for Kingston Township Knights : RHP Currito Fonseca
Batting: LHB Semo Hoaloha 0-0: Foul Ball, location: 2F
0-1: Foul Ball, location: 2F
0-2: Foul Ball, location: 2F
0-2: Ball
1-2: Foul Ball, location: 2F
1-2: Ball
2-2: Fly out, F7 (Flyball, 78M, EV 83.1 MPH)
Batting: SHB Kolby Hay 0-0: Foul Ball, location: 2F
0-1: Called Strike
0-2: Fly out, F8 (Flyball, 8RXD, EV 93.1 MPH)
Batting: RHB Tae-cho Han 0-0: Foul Ball, location: 2F
0-1: Foul Ball, location: 2F
0-2: Ground out 4-3 (Groundball, 34, EV 85.0 MPH)
Bottom of the 6th over - 0 runs, 0 hits, 0 errors, 0 left on base; Kingston Township 1 - Ft. Worth 3
TOP OF THE 7TH
Kingston Township Knights batting - Pitching for Ft. Worth Cattlemen : LHP Gustavo Tobías
Batting: RHB Seong-ho Chong 0-0: Ball
1-0: Swinging Strike
1-1: Swinging Strike
1-2: Ground out 6-3 (Groundball, 6, EV 93.8 MPH)
Batting: LHB Ánibal Lima 0-0: Called Strike
0-1: Ball
1-1: Ground out 6-3 (Groundball, 6, EV 103.8 MPH)
Batting: RHB Imbart Baars 0-0: Ball
1-0: Ground out 1-3 (Groundball, 13S, EV 68.1 MPH)
Top of the 7th over - 0 runs, 0 hits, 0 errors, 0 left on base; Kingston Township 1 - Ft. Worth 3
BOTTOM OF THE 7TH
Ft. Worth Cattlemen batting - Pitching for Kingston Township Knights : RHP Currito Fonseca
Batting: SHB Bren Spillane 0-0: SINGLE (Line Drive, 4MD, EV 97.5 MPH)
Batting: LHB Jorge Alejándrez 0-0: Fly out, F9 (Flyball, 9D, EV 86.2 MPH)
Batting: RHB Peter Holland 0-0: Called Strike
0-1: DOUBLE (Line Drive, 9LS, EV 106.9 MPH)
Bren Spillane to third
Runner from 3rd tries for Home, SAFE, throw by RF to trailing runner, SAFE at third!
Batting: RHB Min-gook Ch'oe 0-0: Called Strike
0-1: Swinging Strike
0-2: SINGLE (Groundball, 6M, EV 98.1 MPH)
Peter Holland scores
Batting: LHB Shawn Kyllo 0-0: Called Strike
0-1: Foul Ball, location: 2F
0-2: Ball
1-2: Strikes out looking
Batting: RHB Jurgen Flurgenburgen 0-0: Ball
Passed Ball!
Min-gook Ch'oe to second
1-0: SINGLE (Line Drive, 34D, EV 106.2 MPH)
Min-gook Ch'oe to third
Runner from 3rd tries for Home, throw by RF and OUT! 9-2
Bottom of the 7th over - 2 runs, 4 hits, 0 errors, 1 left on base; Kingston Township 1 - Ft. Worth 5
TOP OF THE 8TH
Kingston Township Knights batting - Pitching for Ft. Worth Cattlemen : LHP Gustavo Tobías
Batting: RHB Dylan Oram 0-0: Called Strike
0-1: Ball
1-1: Fly out, F8 (Flyball, 8LM, EV 78.8 MPH)
Batting: RHB Glenn Curtis 0-0: Called Strike
0-1: Ball
1-1: Foul Ball, location: 2F
1-2: Ball
2-2: Strikes out swinging
Batting: RHB Tom Rowland 0-0: Ball
1-0: Foul Ball, location: 2F
1-1: Swinging Strike
1-2: Ball
2-2: Ball
3-2: Fly out, F8 (Line Drive, 8RM, EV 87.5 MPH)
Top of the 8th over - 0 runs, 0 hits, 0 errors, 0 left on base; Kingston Township 1 - Ft. Worth 5
BOTTOM OF THE 8TH
Ft. Worth Cattlemen batting - Pitching for Kingston Township Knights : RHP Currito Fonseca
Batting: LHB Semo Hoaloha 0-0: Ball
1-0: DOUBLE (Line Drive, 9LS, EV 110.0 MPH)
Pitching: RHP Jacob Messer
Batting: SHB Kolby Hay 0-0: Ball
1-0: Ground out 1-3 (Groundball, 13, EV 77.5 MPH)
Semo Hoaloha to third
Batting: RHB Tae-cho Han 0-0: Foul Ball, location: 2F
0-1: Ball
1-1: Foul Ball, location: 2F
1-2: Ball
2-2: Strikes out looking
Batting: SHB Bren Spillane 0-0: Called Strike
0-1: Swinging Strike
0-2: Foul Ball, location: 2F
0-2: Ground out 4-3 (Groundball, 4, EV 90.6 MPH)
Bottom of the 8th over - 0 runs, 1 hit, 0 errors, 1 left on base; Kingston Township 1 - Ft. Worth 5
TOP OF THE 9TH
Kingston Township Knights batting - Pitching for Ft. Worth Cattlemen : LHP Gustavo Tobías
Pitching: RHP Blair Wright
Batting: SHB Eustacio Tafalla 0-0: Called Strike
0-1: Called Strike
0-2: Strikes out swinging
Batting: RHB Amor Campos 0-0: Called Strike
0-1: Ball
1-1: Swinging Strike
1-2: Strikes out swinging
Batting: RHB Takenao Wakabayashi 0-0: Fly out, F7 (Line Drive, 7, EV 91.9 MPH)
Top of the 9th over - 0 runs, 0 hits, 0 errors, 0 left on base; Kingston Township 1 - Ft. Worth 5
Friday, March 26th, 2021 - OOTP Baseball 20.8 Build 74